 Dungeon Crawl Stone Soup version 0.20.1-1-g8b1a95d (console) character file.

892 Jazqa the Fighter (level 7, -16/102 HPs)
             Began as a Minotaur Berserker on Oct 24, 2017.
             Was a Believer of Trog.
             Demolished by a purple ugly thing (20 damage)
             ... on level 6 of the Dungeon.
             The game lasted 00:07:58 (3542 turns).

Jazqa the Fighter (Minotaur Berserker)              Turns: 3542, Time: 00:07:59

Health: -16/102    AC:  5    Str: 27    XL:     7   Next: 78%
Magic:  6/6        EV: 12    Int:  4    God:    Trog [**....]
Gold:   288        SH:  0    Dex: 11    Spells: 6/6 levels left

rFire    . . .     SeeInvis .   a - +0 falchion
rCold    . . .     Gourm    .   (no shield)
rNeg     . . .     Faith    .   h - +0 ring mail
rPois    .         Spirit   .   (helmet restricted)
rElec    .         Reflect  .   (no cloak)
rCorr    .         Harm     .   (no gloves)
MR       .....                  (no boots)
Stlth    ..........             (no amulet)
Regen    0.3/turn               Q - ring of stealth
MPRegen  0.1/turn               L - ring of flight

@: berserking, very quick
A: retaliatory headbutt, horns 2
a: Berserk, Trog's Hand, Burn Spellbooks, Renounce Religion, Evoke Flight


You were on level 6 of the Dungeon.
You worshipped Trog.
Trog was pleased with you.
You were very hungry.

You visited 1 branch of the dungeon, and saw 6 of its levels.

You collected 288 gold pieces.


Innate Abilities, Weirdness & Mutations

You reflexively headbutt those who attack you in melee.
You have a pair of horns on your head.


   Skills:
 + Level 8.3 Fighting
 + Level 8.2 Long Blades
 + Level 2.9 Armour
 + Level 2.4 Dodging


You had 6 spell levels left.
You didn't know any spells.

Inventory:

Hand Weapons
 a - a +0 falchion (weapon)
Armour
 h - a +0 ring mail (worn)
Jewellery
 j - a +2 ring of evasion {unknown}
 L - a ring of flight (right hand)
 Q - a ring of stealth (left hand)
Wands
 n - a wand of iceblast (7/15)
 q - a wand of flame (15/48)
Scrolls
 k - 4 scrolls of remove curse {@r2}
Potions
 e - 5 potions of heal wounds {@q2}
 f - 3 potions of curing {@q1}
 i - 2 potions of degeneration {unknown}
 m - a potion of cancellation {unknown}
 o - a potion of flight {unknown}
 p - 3 potions of mutation {unknown}
Books
 s - a book of Changes

   Spells                             Type                      Level
   a - Beastly Appendage              Transmutation                1
   b - Sticks to Snakes               Transmutation                2
   c - Spider Form                    Transmutation/Poison         3
   d - Ice Form                       Ice/Transmutation            4
   e - Blade Hands                    Transmutation                5
   Trog disapproves of the use of such an item.
Comestibles
 b - 2 chunks of flesh
 c - 4 bread rations {@e1}
 d - a royal jelly {@e3}
 l - 2 meat rations {@e1}

Dungeon Overview and Level Annotations

Branches:
Dungeon (6/15)
 Temple: D:4-7

Altars:
Fedhas
Gozag
Sif Muna
Yredelemnul
The Shining One

Annotations:
D:3 2 transporters
D:6 Eustachio

#............##.....#
#............#.......
#...................
##.....[.....)......
##...(.............#
##...#.>...........#
#
#...###............#
##.#..##
##....u##))..##
#....##
###..@##.)...#
#.....# #######....##
##..... #(†...###.
#....... #.........
..#...... ##........
.##......# #........
# ##.....# #........
##..... ##.....###
#....###


You could see a purple ugly thing.


Message History

The purple ugly thing kicks you but does no damage.
You hit the purple ugly thing but do no damage.
The purple ugly thing is heavily wounded.
The purple ugly thing kicks you!
* * * LOW HITPOINT WARNING * * *
You barely miss the purple ugly thing.
Your headbutt misses the purple ugly thing.
The purple ugly thing is heavily wounded.
You recover from your berserk rage.
The purple ugly thing kicks you!!
* * * LOW HITPOINT WARNING * * *
Use which ability? (? or * to list)
A red film seems to cover your vision as you go berserk!
You feel yourself moving faster!
You feel mighty!
You are feeling very hungry.
The purple ugly thing kicks you!
* * * LOW HITPOINT WARNING * * *
You hit the purple ugly thing but do no damage.
The purple ugly thing is heavily wounded.
You slash the purple ugly thing!
The purple ugly thing is heavily wounded.
The purple ugly thing kicks you.
* * * LOW HITPOINT WARNING * * *
You slice the purple ugly thing!!
Your headbutt misses the purple ugly thing.
The purple ugly thing is almost dead.
You barely miss the purple ugly thing.
The purple ugly thing is almost dead.
The purple ugly thing kicks you!!
You die...

Skill      XL: |  1  2  3  4  5  6  7 |
---------------+----------------------+-----
Fighting       | 4 5 6 7 8 |  8.3
Long Blades    | 4 5 6 7 8 |  8.2
Armour         | |  2.9
Dodging        | |  2.4

Action                   |  1- 3 |  4- 6 |  7- 9 || total
-------------------------+-------+-------+-------++-------
Melee: Falchion          |    51 |    93 |    42 ||   186
       Headbutt          |     7 |    26 |    10 ||    43
Invok: Berserk           |       |     1 |     2 ||     3
  Use: Potion            |     1 |       |     2 ||     3
       Scroll            |     5 |     4 |     1 ||    10
  Eat: Chunk             |     3 |     6 |     1 ||    10
Armor: Animal skin       |     4 |       |       ||     4
       Ring mail         |       |    20 |    13 ||    33
Dodge: Dodged            |    38 |    56 |    20 ||   114
       Rpst.: Falchion   |     6 |    15 |     2 ||    23

Vault maps used:
D:1:      wheals_arrival_shading
D:2:      nicolae_tso_carved_into_rock, corner_web_ring, serial_bayou_pond_e
D:3:      marbit_many_paths, gammafunk_temple_overflow_arena, first_bread
D:4:      kennysheep_mini
D:6:      cheibrodos_sewer_entry_bend, makhleb_blood_cavern_becter,
          uniq_duvessa, uniq_sigmund, uniq_eustachio

Notes
Turn   | Place    | Note
-------+----------+-------------------------------------------
     0 | D:1      | Jazqa the Minotaur Berserker began the quest for the Orb.
     0 | D:1      | Reached XP level 1. HP: 19/19 MP: 0/0
   630 | D:2      | Reached XP level 2. HP: 4/27 MP: 1/1
   820 | D:2      | Reached skill level 4 in Fighting
   866 | D:2      | Reached skill level 4 in Long Blades
   866 | D:2      | Reached XP level 3. HP: 29/33 MP: 2/2
  1023 | D:2      | Found a glowing golden altar of the Shining One.
  1250 | D:2      | Reached ** piety under Trog
  1875 | D:2      | Reached XP level 4. HP: 41/41 MP: 3/3
  2016 | D:3      | Reached skill level 5 in Fighting
  2037 | D:3      | Found a transporter.
  2042 | D:3      | Found a deep blue altar of Sif Muna.
  2043 | D:3      | Found a basalt altar of Yredelemnul.
  2044 | D:3      | Found an opulent altar of Gozag.
  2060 | D:3      | Found a transporter.
  2171 | D:4      | Reached skill level 5 in Long Blades
  2179 | D:4      | Reached XP level 5. HP: 46/48 MP: 4/4
  2549 | D:4      | Found a blossoming altar of Fedhas.
  2688 | D:5      | Entered Level 5 of the Dungeon
  2745 | D:5      | Reached skill level 6 in Fighting
  2788 | D:5      | Identified a scroll of acquirement
  2876 | D:5      | Noticed an ogre
  2878 | D:5      | Reached skill level 6 in Long Blades
  2878 | D:5      | Reached XP level 6. HP: 57/57 MP: 5/5
  3214 | D:5      | Noticed an ice beast
  3223 | D:5      | Killed an ice beast
  3223 | D:5      | Reached skill level 7 in Fighting
  3384 | D:6      | Noticed Eustachio
  3392 | D:6      | Reached skill level 7 in Long Blades
  3392 | D:6      | Reached XP level 7. HP: 60/66 MP: 6/6
  3463 | D:6      | Noticed Dowan
  3464 | D:6      | Noticed Duvessa
  3474 | D:6      | Killed Duvessa
  3477 | D:6      | Killed Dowan
  3477 | D:6      | Reached skill level 8 in Fighting
  3479 | D:6      | Reached skill level 8 in Long Blades
  3503 | D:6      | Noticed a purple ugly thing
  3538 | D:6      | HP: 6/102 [purple ugly thing (13)]
  3542 | D:6      | Demolished by a purple ugly thing

Vanquished Creatures
  Duvessa (D:6)
  An ice beast (D:5)
  A sky beast (D:6)
  An ogre (D:5)
  A centaur (D:6)
  Dowan (D:6)
  A scorpion (D:6)
  A centaur skeleton (D:4)
  4 worker ants
  A hound skeleton (D:4)
  A howler monkey skeleton (D:5)
  4 gnolls (D:5)
  8 adders
  An ooze (D:6)
  2 worms
  3 leopard geckos
  4 orcs (D:5)
  A goblin (D:3)
  6 hobgoblins
  4 jackals (D:4)
  6 kobolds
  3 quokkas
  7 bats
  6 frilled lizards
  3 rats
72 creatures vanquished.
